 Dungeon Crawl Stone Soup version 0.27-a0-1217-g8a41f320e8 (webtiles) character file.

Game seed: 7829022742410543939

113 Froggeryz the Chopper (level 4, 0/35 HPs)
             Began as a Palentonga Gladiator on June 6, 2021.
             Slain by Grinder (9 damage)
             ... on level 3 of the Dungeon.
             The game lasted 00:01:38 (2558 turns).

Froggeryz the Chopper (Palentonga Gladiator)        Turns: 2558, Time: 00:01:38

Health: 0/35       AC:  5    Str: 18    XL:     4   Next: 65%
Magic:  1/1        EV:  9    Int:  9    God:
Gold:   125        SH:  0    Dex: 11    Spells: 3/3 levels left

rFire    . . .     SeeInvis +   q - +2 hand axe (antimagic)
rCold    . . .     Faith    .   (no shield)
rNeg     . . .     Spirit   .   b - +0 leather armour
rPois    .         Reflect  .   c - +0 helmet
rElec    .         Harm     .   (no cloak)
rCorr    .         Rampage  .   (no gloves)
Will     .....                  (no barding)
Stlth    +.........             (no amulet)
HPRegen  0.11/turn              (no ring)
MPRegen  0.07/turn              (no ring)

@: no status effects
A: large, rugged brown scales 3, see invisible, deformed body, roll 1, armoured
tail
a: Rolling Charge


You were on level 3 of the Dungeon.
You visited 1 branch of the dungeon, and saw 3 of its levels.

You collected 125 gold pieces.

Inventory:

Hand Weapons
 q - a +2 antimagic hand axe (weapon)
Missiles
 d - 3 throwing nets (quivered)
 j - 4 boomerangs
Armour
 b - a +0 leather armour (worn)
 c - a +0 helmet (worn)
 p - a +0 scale mail
Jewellery
 k - an amulet of faith
Scrolls
 a - 2 scrolls of teleportation {unknown}
 e - 2 scrolls of identify {unknown}
 g - a scroll of silence {unknown}
 m - a scroll of noise {unknown}
Potions
 f - 2 potions of flight {unknown}
 h - a potion of heal wounds {unknown}
 i - a potion of curing {unknown}
 l - 2 potions of might {unknown}
 n - a potion of haste {unknown}
 o - a potion of degeneration {unknown}


   Skills:
 - Level 2.0 Fighting
 * Level 5.5 Axes
 - Level 1.3 Throwing
 - Level 2.4 Dodging


You had 3 spell levels left.
You didn't know any spells.
Your spell library was empty.

Dungeon Overview and Level Annotations

Branches:
Dungeon (3/15)

Altars:
Qazlal

Shops:
D:2 [

Annotations:
D:3 Grinder


Innate Abilities, Weirdness & Mutations

You are completely covered in rugged brown scales. (AC +3, +7% HP)
You have supernaturally acute eyesight. (SInv)
Armour fits poorly on your strangely shaped body.
You can roll at nearby foes to attack.
You have a long armoured tail.


Message History

A rat comes into view.
Grinder blinks!
Roll where?
Press: ? - help, Dir - move target, f - Grinder
Aim: Grinder (moderately wounded)
You roll forward with a clatter of scales!
You slash Grinder!
Grinder's magic leaks into the air.
Grinder is heavily wounded.
A giant cockroach comes into view.
You hear a bark!
Grinder hits you but does no damage.
You barely miss Grinder.
Grinder is heavily wounded.
Grinder blinks!
The rat closely misses you.
You slash the rat!
You kill the rat!
The giant cockroach waves its antennae.
You hit Grinder.
Grinder's magic leaks into the air.
Grinder is severely wounded.
You barely miss the giant cockroach. The giant cockroach closely misses you.
Grinder hits you but does no damage.
You closely miss Grinder.
Your tail-slap misses Grinder.
Grinder is severely wounded.
You hit the giant cockroach.
The giant cockroach bites you but does no damage.
Grinder hits you.
You writhe in agony.
The giant cockroach bites you but does no damage.
You hit Grinder.
Grinder's magic leaks into the air.
Grinder is almost dead.
You barely miss the giant cockroach. Grinder hits you.
You writhe in agony.
* * * LOW HITPOINT WARNING * * *
The giant cockroach bites you but does no damage.
You barely miss Grinder.
Grinder is severely wounded.
You hit the giant cockroach.
You kill the giant cockroach!
Grinder grins, showing sharp teeth.
Grinder hits you!
You die...

.#.####...##
##...#...#..#
.........##
+#......÷>.#
##.####.##
##...###..# #..##
#......#..# ##..##
#...#.#.#)..
#...###..#.#...#.##
##...#...#.#####...
#.......#.........
#@......#.#######.
#5†.....# #.
.......## #.
#.......# #.
#.......# #.
#.......# #.
......### ..
....#.# ..


You could see Grinder.

Vanquished Creatures
  Terence (D:2)
  3 adders
  2 dart slugs (D:1)
  3 orcs (D:3)
  3 endoplasms
  3 giant cockroaches
  4 goblins
  4 hobgoblins
  8 jackals
  2 quokkas
  3 ball pythons
  4 bats
  A frilled lizard (D:2)
  7 kobolds
  5 rats
53 creatures vanquished.

Vanquished Creatures (others)
  A plant (D:1)
1 creature vanquished.

Grand Total: 54 creatures vanquished

Notes
Turn   | Place    | Note
-------+----------+-------------------------------------------
     0 | D:1      | Froggeryz the Palentonga Gladiator began the quest for the
                  | Orb.
     0 | D:1      | Reached XP level 1. HP: 17/17 MP: 1/1
   111 | D:1      | Reached XP level 2. HP: 21/23 MP: 2/2
   636 | D:1      | Found a faded altar of an unknown god.
   686 | D:1      | Reached skill level 4 in Axes
  1052 | D:1      | Reached XP level 3. HP: 27/28 MP: 3/3
  1338 | D:2      | Found Ifomuisk's Armour Shop.
  1813 | D:2      | Noticed Terence
  1824 | D:2      | Killed Terence
  1825 | D:2      | Reached skill level 5 in Axes
  1825 | D:2      | Reached XP level 4. HP: 24/35 MP: 4/4
  2524 | D:3      | Found a stormy altar of Qazlal.
  2532 | D:3      | Noticed Grinder
  2558 | D:3      | Slain by Grinder

Illustrated notes

Levels and vault maps discovered:
D:1:      minmay_arrival_doors, layout_loops_ring,
          hellmonk_ecumenical_altar_leap_of_faith, serial_forest,
          infiniplex_forest_end_double, infiniplex_forest_end_3,
          infiniplex_forest_lined_2, infiniplex_forest_clump_small,
          infiniplex_forest_lined_2, infiniplex_forest_clump_medium
D:2:      layout_loops_ring, serial_shops, nicolae_shop_trees,
          dk_noncrumbling_4, uniq_terence
D:3:      layout_basic, nemelex_diamond_rough_becter,
          nicolae_overflow_crystal_walls, uniq_crazy_yiuf_cottage, uniq_ijyb,
          uniq_grinder

Skill      XL: |  1  2  3 |
---------------+----------+-----
Axes           | 4 5 |  5.5
Fighting       | |  2.0
Throwing       | |  1.3
Dodging        | |  2.4

Action                   |  1- 3 |  4- 6 || total
-------------------------+-------+-------++-------
Melee: War axe           |    81 |    14 ||    95
       Tailslap          |     5 |     2 ||     7
       Hand axe          |       |    29 ||    29
 Abil: Rolling Charge    |     1 |     2 ||     3
Armor: Leather armour    |    49 |    12 ||    61
Dodge: Dodged            |    49 |    19 ||    68

Table legend: (Time is in decaauts)
 A = Elapsed time spent in this place.
 B = Non-inter-level travel time spent in this place.
 C = Inter-level travel time spent in this place.
 D = Time resting spent in this place.
 E = Time spent auto-exploring this place.
 F = Levels seen in this place.
 G = Mean time per level.
                   A        B        C        D        E       F      G
               +--------+--------+--------+--------+--------+-----+--------+
         Total |   2585 |   2498 |     87 |      0 |   2207 |   3 |  861.7 |
       Dungeon |   2585 |   2498 |     87 |      0 |   2207 |   3 |  861.7 |
               +--------+--------+--------+--------+--------+-----+--------+

Top non-repeatable levels by time:
     D:1: 1231 daAuts
     D:2: 864 daAuts
     D:3: 490 daAuts
